Map: Lerilak Crest

Players

Neuro - Winner!

  • Race: Zerg Zerg

Gretorp

  • Race: Protoss Protoss

VOD

Have the link to the VOD?

Description

Time

  • Played on: April 6, 2015, 5:44 p.m.
  • Length: 18:58
Show
View Real Time Build Order
Export as new Build Order

Neuro Zerg - Winner!

Build Orders: Hatch First, Hydra Ultra Viper, Zergling Mutalisk 

Get SALT Encoding   

  12  0:01  Drone  
  13  0:13  Overlord  
  13  0:17  Drone  
  14  0:31  Drone x2  
  16  0:36  Drone  
  17  0:52  Hatchery  
  17  0:55  Drone  
  17  1:09  Spawning Pool  
  17  1:11  Drone  
  17  1:15  Drone  
  18  1:23  Drone, Extractor  
  18  1:29  Drone  
  19  1:40  Drone  
  20  1:50  Overlord  
  20  1:59  Queen  
  22  2:04  Queen  
  22  2:06  Zergling x4  
  26  2:12  Drone  
  27  2:19  Drone  
  28  2:24  Drone  
  28  2:25  Metabolic Boost  
  29  2:32  Drone  
  30  2:37  Hatchery  
  29  2:44  Drone x2  
  29  2:51  Drone x2  
  33  2:57  Drone  
  34  2:59  Overlord  
  34  3:09  Overlord  
  33  3:15  Zergling x6  
  33  3:19  Zergling x6  
  42  3:20  Zergling x6  
  42  3:28  Zergling x2  
  42  3:29  Zergling x2  
  43  3:37  Zergling x4  
  43  3:41  Queen  
  47  3:53  Overlord  
  47  3:54  Drone x2  
  49  3:59  Drone x2  
  51  4:07  Lair  
  51  4:12  Drone x10  
  58  4:25  Drone  
  58  4:31  Drone  
  58  4:32  Drone x2  
  58  4:34  Extractor  
  58  4:37  Drone  
  58  4:38  Drone x2  
  63  4:39  Overlord  
  63  4:53  Extractor x2  
  63  4:54  Overlord  
  63  4:57  Overlord  
  61  5:02  Roach Warren  
  60  5:08  Drone x3  
  60  5:09  Drone x3  
  60  5:11  Drone x7, Extractor  
  60  5:12  Drone, Extractor  
  72  5:20  Spore Crawler  
  71  5:22  Spore Crawler  
  71  5:25  Spore Crawler  
  71  5:26  Drone x3  
  71  5:27  Spire  
  71  5:30  Drone  
  71  5:32  Drone  
  73  5:44  Drone  
  73  5:45  Hatchery, Drone, Overlord  
  74  6:01  Drone x3  
  77  6:04  Overseer  
  77  6:06  Overlord  
  77  6:07  Overlord x2  
  78  6:11  Hatchery  
  78  6:17  Overlord  
  77  6:29  Evolution Chamber  
  77  6:30  Evolution Chamber  
  75  6:35  Burrow  
  75  6:36  Pneumatized Carapace  
  75  6:37  Overseer  
  75  6:41  Zerg Flyer Weapons Level 1  
  75  6:43  Hatchery  
  74  6:55  Zerg Melee Weapons Level 1  
  74  6:58  Zerg Ground Armor Level 1  
  74  7:07  Mutalisk x8  
  90  7:11  Hatchery  
  90  7:14  Spore Crawler x2  
  87  7:15  Mutalisk  
  87  7:20  Queen  
  90  7:29  Drone  
  91  7:30  Drone x9, Queen  
  102  7:41  Extractor  
  102  7:42  Mutalisk x4  
  102  7:44  Extractor  
  108  7:50  Drone x2  
  108  7:51  Drone x4  
  110  7:53  Spore Crawler  
  110  7:54  Drone x3, Spore Crawler  
  110  7:56  Spore Crawler, Overseer  
  110  7:58  Mutalisk  
  113  8:05  Mutalisk x2  
  119  8:16  Hydralisk Den  
  118  8:21  Mutalisk x2  
  122  8:36  Queen x2  
  124  8:42  Queen  
  124  8:46  Infestation Pit, Muscular Augments  
  125  8:52  Queen x2  
  125  8:53  Mutalisk x2  
  125  8:55  Overlord x5  
  133  9:16  Mutalisk x7  
  123  9:24  Zerg Melee Weapons Level 2  
  111  9:43  Hive, Zerg Ground Armor Level 2  
  111  9:46  Queen x3  
  115  9:56  Queen  
  115  9:57  Hydralisk x6  
  115  9:58  Hydralisk x3  
  134  10:00  Zergling x8  
  137  10:17  Spore Crawler  
  136  10:26  Hatchery  
  133  10:29  Spore Crawler  
  131  11:02  Extractor  
  128  11:06  Adrenal Glands, Extractor  
  128  11:10  Ultralisk Cavern, Queen  
  127  11:11  Queen  
  127  11:12  Queen  
  127  11:13  Queen  
  127  11:15  Hydralisk x14  
  161  11:20  Viper x2  
  161  11:23  Viper  
  170  11:27  Drone x3  
  159  11:56  Chitinous Plating  
  159  11:57  Queen x2  
  161  12:03  Overlord x3  
  161  12:04  Overlord x3  
  158  12:21  Queen  
  160  12:25  Spore Crawler x2  
  155  12:31  Ultralisk  
  159  12:37  Overseer  
  159  12:43  Zerg Melee Weapons Level 3  
  159  12:44  Zerg Ground Armor Level 3  
  159  12:49  Overlord  
  153  13:09  Viper x3  
  162  13:13  Overlord  
  162  13:14  Overlord x2  
  162  13:25  Overlord  
  162  13:26  Overseer  
  162  13:43  Viper x5  
  174  13:50  Ultralisk  
  177  14:01  Overseer  
  177  14:10  Ultralisk  
  183  14:21  Drone x4  
  183  14:22  Drone x2  
  189  14:25  Overseer  
  189  14:34  Corruptor  
  189  14:35  Overlord  
  189  14:36  Overlord x3  
  155  15:35  Corruptor  
  155  15:36  Corruptor x8  
  173  15:54  Overlord x3  
  173  15:55  Hatchery, Overlord x5  
  171  16:08  Overseer  
  167  16:24  Hatchery  
  152  16:57  Hatchery  
  141  17:16  Corruptor x4  
  141  17:17  Corruptor x7  
  163  17:35  Corruptor x8  
  179  17:38  Pathogen Glands  
  179  17:57  Overseer  
  179  18:02  Spore Crawler  
  179  18:03  Spore Crawler  
  177  18:13  Drone  
  177  18:24  Corruptor  
  177  18:25  Corruptor x8  
Show
View Real Time Build Order
Export as new Build Order

Gretorp Protoss 

Build Orders: Nexus First, Skytoss 

Get SALT Encoding   

  12  0:00  Probe  
  13  0:19  Probe, Pylon  
  14  0:37  Probe (Chrono Boost)  
  15  0:47  Probe (Chrono Boost)  
  16  0:54  Probe  
  17  1:03  Nexus  
  17  1:11  Gateway  
  17  1:14  Probe  
  18  1:22  Assimilator  
  18  1:26  Probe (Chrono Boost)  
  18  1:28  Assimilator  
  19  1:38  Probe (Chrono Boost)  
  20  1:43  Pylon  
  20  1:45  Probe (Chrono Boost)  
  21  1:53  Forge  
  21  2:02  Cybernetics Core  
  21  2:06  Zealot  
  23  2:09  Probe (Chrono Boost)  
  25  2:18  Probe (Chrono Boost)  
  25  2:20  Probe (Chrono Boost)  
  26  2:25  Probe (Chrono Boost)  
  26  2:28  Probe (Chrono Boost)  
  28  2:33  Photon Cannon  
  28  2:36  Probe  
  29  2:39  Probe (Chrono Boost)  
  29  2:41  Warp Gate  
  32  2:44  Sentry  
  32  2:48  Probe (Chrono Boost)  
  34  2:52  Probe (Chrono Boost)  
  35  2:58  Probe (Chrono Boost)  
  35  3:00  Probe (Chrono Boost)  
  36  3:09  Probe x2  
  36  3:10  Stalker  
  40  3:21  Probe x2  
  42  3:33  Probe x2 (Chrono Boost)  
  44  3:47  Nexus  
  44  3:48  Pylon  
  44  3:52  Assimilator  
  44  3:54  Pylon  
  44  3:55  Assimilator  
  44  4:06  Sentry (Chrono Boost), Probe x2  
  48  4:18  Probe  
  48  4:19  Probe  
  52  4:24  Stargate  
  52  4:26  Sentry (Chrono Boost), Stargate  
  52  4:30  Probe (Chrono Boost)  
  53  4:31  Probe (Chrono Boost)  
  54  4:41  Probe (Chrono Boost)  
  54  4:42  Probe (Chrono Boost), Pylon  
  56  4:46  Pylon  
  56  4:47  Probe (Chrono Boost)  
  56  4:49  Stargate, Assimilator  
  57  4:53  Probe (Chrono Boost), Assimilator  
  59  5:01  Probe (Chrono Boost)  
  59  5:03  Probe (Chrono Boost)  
  59  5:05  Probe (Chrono Boost)  
  61  5:07  Void Ray (Chrono Boost)  
  61  5:10  Void Ray (Chrono Boost)  
  61  5:11  Probe (Chrono Boost)  
  71  5:14  Probe (Chrono Boost)  
  71  5:15  Probe (Chrono Boost)  
  71  5:17  Probe  
  71  5:20  Sentry  
  75  5:23  Probe  
  75  5:25  Probe  
  77  5:30  Probe  
  77  5:35  Probe, Void Ray (Chrono Boost)  
  83  5:37  Pylon  
  83  5:41  Pylon x2  
  83  5:44  Probe x2  
  83  5:47  Probe, Void Ray (Chrono Boost)  
  90  5:52  Protoss Air Weapons Level 1  
  90  5:58  Probe x2  
  90  5:59  Probe  
  90  6:00  Void Ray (Chrono Boost)  
  97  6:10  Probe x2  
  103  6:11  Probe  
  103  6:12  Void Ray (Chrono Boost)  
  103  6:15  Pylon  
  104  6:24  Void Ray (Chrono Boost)  
  108  6:30  Photon Cannon  
  108  6:35  Photon Cannon  
  108  6:38  Void Ray (Chrono Boost)  
  112  6:40  Pylon  
  112  6:48  Probe x3  
  112  6:50  Void Ray (Chrono Boost)  
  119  6:58  Photon Cannon  
  119  7:00  Photon Cannon  
  119  7:03  Void Ray (Chrono Boost)  
  123  7:14  Void Ray (Chrono Boost)  
  127  7:29  Pylon  
  127  7:30  Pylon  
  127  7:33  Pylon x2  
  127  7:46  Void Ray (Chrono Boost)  
  127  7:49  Gateway x2, Void Ray (Chrono Boost)  
  139  7:52  Gateway  
  139  7:54  Void Ray (Chrono Boost)  
  139  8:08  Protoss Air Armor Level 1 (Chrono Boost)  
  139  8:12  Cybernetics Core  
  143  8:21  Void Ray (Chrono Boost)  
  143  8:23  Phoenix x3 (Chrono Boost)  
  143  8:24  Phoenix x4 (Chrono Boost)  
  143  8:25  Probe x3, Phoenix (Chrono Boost)  
  143  8:27  Photon Cannon  
  146  8:28  Photon Cannon  
  146  8:45  Phoenix  
  146  8:47  Phoenix  
  150  8:51  Fleet Beacon  
  150  8:58  Phoenix  
  152  9:10  Phoenix  
  152  9:12  Phoenix  
  132  9:23  Phoenix  
  122  9:35  Phoenix  
  122  9:37  Phoenix  
  126  9:46  Protoss Air Weapons Level 2 (Chrono Boost)  
  126  9:48  Phoenix  
  124  9:54  Nexus  
  124  9:59  Protoss Air Armor Level 2 (Chrono Boost)  
  124  10:00  Phoenix  
  124  10:01  Pylon  
  124  10:02  Phoenix  
  124  10:04  Pylon  
  128  10:12  Void Ray (Chrono Boost)  
  130  10:25  Void Ray (Chrono Boost), Photon Cannon  
  130  10:27  Void Ray (Chrono Boost), Photon Cannon  
  138  10:29  Photon Cannon  
  138  10:31  Photon Cannon  
  138  10:33  Stargate  
  138  10:35  Photon Cannon  
  138  10:38  Pylon  
  138  10:41  Pylon x2  
  138  10:52  Void Ray (Chrono Boost)  
  142  10:59  Pylon  
  142  11:01  Void Ray (Chrono Boost)  
  146  11:08  Nexus  
  146  11:09  Void Ray (Chrono Boost)  
  150  11:15  Photon Cannon  
  150  11:16  Photon Cannon  
  150  11:18  Photon Cannon  
  150  11:21  Photon Cannon  
  150  11:24  Void Ray (Chrono Boost)  
  154  11:25  Assimilator  
  154  11:28  Void Ray (Chrono Boost)  
  154  11:30  Assimilator  
  158  11:36  Void Ray (Chrono Boost)  
  162  11:41  Carrier (Chrono Boost)  
  162  11:43  Carrier (Chrono Boost)  
  166  12:07  Carrier x2 (Chrono Boost)  
  174  12:35  Carrier (Chrono Boost)  
  174  12:41  Probe x4  
  178  12:47  Carrier (Chrono Boost)  
  184  12:53  Probe x2  
  186  13:09  Photon Cannon  
  186  13:10  Photon Cannon  
  186  13:12  Photon Cannon  
  186  13:13  Carrier (Chrono Boost)  
  186  13:14  Carrier (Chrono Boost)  
  186  13:26  Assimilator x2  
  186  13:34  Graviton Catapult  
  198  13:44  Pylon  
  198  13:46  Phoenix (Chrono Boost)  
  198  13:47  Pylon  
  200  14:07  Void Ray x2 (Chrono Boost)  
  200  14:08  Void Ray x5 (Chrono Boost)  
  200  14:11  Photon Cannon  
  200  14:12  Photon Cannon  
  200  14:14  Photon Cannon  
  200  14:16  Photon Cannon  
  200  14:17  Protoss Air Weapons Level 3 (Chrono Boost)  
  200  14:27  Protoss Air Armor Level 3 (Chrono Boost)  
  200  14:33  Protoss Shields Level 1  
  200  14:41  Anion Pulse-Crystals  
  200  14:54  Carrier x2 (Chrono Boost)  
  178  15:18  Void Ray (Chrono Boost)  
  146  15:34  Void Ray (Chrono Boost)  
  140  15:51  Carrier (Chrono Boost)  
  140  15:52  Nexus  
  140  16:07  Assimilator  
  140  16:08  Carrier (Chrono Boost)  
  146  16:12  Assimilator  
  152  16:50  Void Ray (Chrono Boost)  
  152  16:53  Void Ray (Chrono Boost)  
  160  17:22  Void Ray (Chrono Boost)  
  164  17:29  Void Ray (Chrono Boost)  
  172  17:46  Void Ray (Chrono Boost)  
  172  17:54  Void Ray (Chrono Boost)  
  176  17:58  Void Ray (Chrono Boost)  
  180  18:06  Pylon  
Tags
 
Add a new tag
Caveats
  • Supply blocks, unpowered buildings, or Contaminate may cause inaccurate times.
  • Supply counts are checked every 10 seconds.